 Dungeon Crawl Stone Soup version 0.22-a0-480-g991dd4b (webtiles) character file.

265 Rog354 the Chopper (level 5, -6/46 HPs)
             Began as a Minotaur Fighter on June 15, 2018.
             Was an Initiate of Qazlal.
             Mangled by Menkaure (11 damage)
             ... on level 4 of the Dungeon.
             The game lasted 00:13:35 (2770 turns).

Rog354 the Chopper (Minotaur Fighter)               Turns: 2770, Time: 00:13:35

Health: -6/46      AC:  5    Str: 21    XL:     5   Next: 99%
Magic:  4/4        EV:  9    Int:  5    God:    Qazlal [......]
Gold:   242        SH: 10    Dex: 13    Spells: 4/4 levels left

rFire    . . .     SeeInvis .   a - +1 war axe
rCold    + . .     Gourm    .   c - +0 shield
rNeg     . . .     Faith    +   n - +2 leather armour {rC+}
rPois    .         Spirit   .   (helmet restricted)
rElec    .         Reflect  .   (no cloak)
rCorr    .         Harm     .   (no gloves)
MR       .....                  (no boots)
Stlth    +.........             p - amulet of faith
HPRegen  0.15/turn              x - +3 ring of dexterity
MPRegen  0.09/turn              A - ring of flight

@: no status effects
A: retaliatory headbutt, horns 2
a: Renounce Religion, Evoke Flight


You were on level 4 of the Dungeon.
You worshipped Qazlal.
Qazlal was noncommittal.
You were not hungry.

You visited 1 branch of the dungeon, and saw 4 of its levels.

You collected 242 gold pieces.

Inventory:

Hand Weapons
 a - a +1 war axe (weapon)
 y - a +2 hand axe of chopping
Missiles
 g - 3 poisoned javelins (quivered)
Armour
 b - a +0 scale mail
 c - a +0 shield (worn)
 n - a +2 leather armour of cold resistance (worn)
 s - a +0 leather armour of positive energy
Jewellery
 p - an amulet of faith (around neck)
 q - an uncursed amulet of magic regeneration
 x - a +3 ring of dexterity (left hand)
 A - a ring of flight (right hand)
Scrolls
 h - a scroll of remove curse
 k - 3 scrolls of identify
 o - a scroll of fog
 u - a scroll of enchant weapon
 w - a scroll of teleportation {unknown}
Potions
 d - a potion of might
 e - 2 potions of ambrosia {unknown}
 i - 3 potions of curing
 j - 3 potions of haste {unknown}
 l - 4 potions of mutation {unknown}
 r - a potion of magic {unknown}
 t - a potion of lignification {unknown}
 v - a potion of flight {unknown}
 z - a potion of resistance {unknown}
Comestibles
 f - 7 rations


   Skills:
 - Level 3.8 Fighting
 * Level 5.6 Axes
 * Level 4.7 Armour
 - Level 1.1 Dodging
 - Level 0.2 Stealth
 + Level 4.9 Shields


You had 4 spell levels left.
You didn't know any spells.
Your spell library was empty.

Dungeon Overview and Level Annotations

Branches:
Dungeon (4/15)
 Temple: D:4-7

Altars:
Ashenzari
Dithmenos
Qazlal
Sif Muna

Annotations:
D:4 Menkaure


Innate Abilities, Weirdness & Mutations

You reflexively headbutt those who attack you in melee.
You have a pair of horns on your head.


Message History

* * * LOW HITPOINT WARNING * * *
You block the worker ant's attack.
You slash the worker ant!
You kill the worker ant!
Qazlal accepts your kill.
Menkaure calls on the powers of darkness!
Your body is wracked with pain!
* * * LOW HITPOINT WARNING * * *
You hit the iguana but do no damage.
You kill the iguana!
Qazlal accepts your kill.
Menkaure whispers a few words.
You block Menkaure's attack. x2
You see here a worker ant corpse.
Your shield and leather armour prevent you from hitting Menkaure.
Your headbutt misses Menkaure. You block Menkaure's attack.
You slash Menkaure! You headbutt Menkaure.
Menkaure is heavily damaged.
Menkaure hits you!
You die...

#............#.........
#........(...#..../....
#............##########
#.............#
#.............#
#.............# ###
#............#########.#
##...........##........#####
.##............M@.......#...#
............................#
............................#
............................#
............................#
###...##......###########...#
###+##......##.......##...#
+.....................#
#.....................#


You could see Menkaure.

Vanquished Creatures
  The ghost of Mugar the Cudgeler, an amateur MiMo (D:3)
  An orc priest (D:3)
  An iguana (D:4)
  A worker ant (D:4)
  3 adders
  An ooze (D:3)
  4 worms
  2 dart slugs
  2 leopard geckos (D:1)
  6 orcs
  5 giant cockroaches
  5 goblins
  4 hobgoblins
  9 kobolds
  A quokka (D:2)
  3 ball pythons
  4 bats
  6 frilled lizards
  10 rats
69 creatures vanquished.

Notes
Turn   | Place    | Note
-------+----------+-------------------------------------------
     0 | D:1      | Rog354 the Minotaur Fighter began the quest for the Orb.
     0 | D:1      | Reached XP level 1. HP: 19/19 MP: 0/0
   268 | D:1      | Reached XP level 2. HP: 26/27 MP: 1/1
   485 | D:1      | Reached skill level 3 in Axes
   791 | D:2      | Found a shattered altar of Ashenzari.
   796 | D:2      | Reached XP level 3. HP: 24/33 MP: 2/2
   797 | D:2      | Found a deep blue altar of Sif Muna.
  1733 | D:3      | Reached XP level 4. HP: 31/40 MP: 3/3
  1736 | D:3      | Reached skill level 4 in Axes
  1850 | D:3      | Found a transporter.
  1852 | D:3      | Found a stormy altar of Qazlal.
  1873 | D:3      | Found a transporter.
  1890 | D:3      | Noticed Mugar's ghost (amateur MiMo)
  1940 | D:3      | Became a worshipper of Qazlal Stormbringer
  1958 | D:3      | Killed Mugar's ghost
  1958 | D:3      | Reached skill level 5 in Axes
  1958 | D:3      | Reached XP level 5. HP: 16/46 MP: 4/4
  1981 | D:3      | Reached skill level 1 in Dodging
  2318 | D:3      | Found a shadowy altar of Dithmenos.
  2746 | D:4      | Noticed Menkaure
  2770 | D:4      | Mangled by Menkaure

Vault maps used:
D:1:      minmay_arrival_cross
D:2:      gammafunk_temple_overflow_pools
D:3:      gammafunk_temple_overflow_arena, first_ration,
          hangedman_decor_peaks_small, nicolae_dithmenos_shadow_blocks
D:4:      uniq_menkaure

Skill      XL: |  1  2  3  4  5 |
---------------+----------------+-----
Shields        | 4 |  4.9
Axes           | 3 5 |  5.6
Armour         | 4 |  4.7
Dodging        | 1 |  1.1
Fighting       | |  3.8
Stealth        | |  0.2

Action                   |  1- 3 |  4- 6 || total
-------------------------+-------+-------++-------
Melee: War axe           |    90 |    68 ||   158
       Headbutt          |    14 |    14 ||    28
  Use: Scroll            |     6 |       ||     6
       Potion            |       |     1 ||     1
  Eat: Chunk             |     3 |     3 ||     6
Armor: Scale mail        |    16 |       ||    16
       Leather armour    |    15 |    12 ||    27
Dodge: Dodged            |    30 |    22 ||    52
Block: Shield            |    58 |    30 ||    88

Table legend:
 A = Spawn XP
 B = Non-spawn XP
 C = Spawn XP percentage of total XP
 D = Spawn monster count
 E = Non-spawn monster count
 F = Spawn count percentage of total count
 G = Total turns spent on level
                    A         B        C        D         E        F      G
               +---------+---------+-------+---------+---------+-------+---------
         Total |       0 |     379 |   0.0 |       0 |      69 |   0.0 |  2770
               +---------+---------+-------+---------+---------+-------+---------
           D:1 |       0 |      33 |   0.0 |       0 |      21 |   0.0 |   723
           D:2 |       0 |      50 |   0.0 |       0 |      20 |   0.0 |   923
           D:3 |       0 |     247 |   0.0 |       0 |      24 |   0.0 |   926
           D:4 |       0 |      49 |   0.0 |       0 |       4 |   0.0 |   198
               +---------+---------+-------+---------+---------+-------+---------
